 Dungeon Crawl Stone Soup version 0.31-a0-202-g547052bce9 (webtiles) character file.

Game seed: 534077655909356094

95 qw the Shooter (level 4, 0/25 HPs)
             Began as a Deep Elf Hunter on June 26, 2023.
             Slain by an adder (3 damage)
             ... on level 3 of the Dungeon.
             The game lasted 00:00:40 (1680 turns).

qw the Shooter (Deep Elf Hunter)                    Turns: 1680, Time: 00:00:41

Health: 0/25       AC:  5    Str: 10    XL:     4   Next: 40%
Magic:  6/6        EV: 11    Int: 14    God:
Gold:   124        SH:  0    Dex: 18    Spells: 3/3 levels left

rFire   + . .        Y - +0 shortbow
rCold   + . .        (shield currently unavailable)
rNeg    . . .        h - +0 ring mail
rPois   .            (no helmet)
rElec   .            e - scarf {rC+ rF+}
rCorr   .            (no gloves)
SInv    .            (no boots)
Will    .....        (no amulet)
Stlth   +            (no ring)
HPRegen 0.24/turn    (no ring)
MPRegen 0.10/turn

%: no passive effects
@: lethally poisoned (0 -> -6)
A: no striking features
a: no special abilities


You were on level 3 of the Dungeon.
You visited 1 branch of the dungeon, and saw 3 of its levels.

You collected 124 gold pieces.


   Skills:
 - Level 1.5 Fighting
 + Level 7.8 Ranged Weapons
 - Level 2.4 Dodging
 - Level 1.2 Stealth


You had 3 spell levels left.
You didn't know any spells.
Your spell library was empty.

Inventory:

Hand Weapons
 Y - a +0 shortbow (weapon)
Armour
 c - a +0 cloak
 e - a scarf of resistance (worn)
 h - a +0 ring mail (worn)
 i - a +1 robe of fire resistance
Jewellery
 g - an amulet of guardian spirit
Scrolls
 d - 2 scrolls of enchant armour {unknown}
 j - a scroll of identify
 l - a scroll of teleportation {unknown}
 m - a scroll of fog {unknown}
 n - 3 scrolls of enchant weapon {unknown}
Potions
 a - a potion of curing {unknown}
 b - a potion of heal wounds {unknown}
 f - a potion of magic {unknown}
 k - a potion of cancellation {unknown}

Dungeon Overview and Level Annotations

Branches:
Dungeon (3/15)

Altars:
Cheibriados
Vehumet
Wu Jian


Message History

Enter note:
Enter note:
Enter note:
Enter note: You shoot an arrow.
The arrow hits the adder but does no damage.
You shoot an arrow. The arrow completely misses the adder.
You shoot an arrow. The arrow hits the adder.
The adder is moderately wounded.
You shoot an arrow. The arrow closely misses the adder.
You shoot an arrow. The arrow misses the adder.
The adder bites you. x2
You are poisoned.
The adder poisons you!
You shoot an arrow.
The arrow hits the adder but does no damage.
The adder is moderately wounded.
You feel sick. The adder completely misses you.
You shoot an arrow. The arrow closely misses the adder.
You feel sick. The adder closely misses you. The adder bites you.
You shoot an arrow. The arrow barely misses the adder.
You feel sick. The adder bites you but does no damage.
The adder closely misses you.
You shoot an arrow. The arrow hits the adder.
The adder is heavily wounded.
You feel sick. The adder bites you.
You are more poisoned.
The adder poisons you!
You shoot an arrow. The arrow hits the adder.
The adder is heavily wounded.
You feel sick. The adder bites you but does no damage. The adder bites you.
You are lethally poisoned!
The adder poisons you!
You shoot an arrow. The arrow hits the adder.
The adder is severely wounded.
You feel very sick. The adder barely misses you.
You shoot an arrow. The arrow misses the adder.
You feel sick. The adder bites you.
You die...

..)..........#
#)######........#.
.............###.# #..........
.................# #..........
+##(.............# #.....#.)#.
#..............######.......##.
#.........#................###.
#.#.##.##..................# #.
#.#.# ..#..................####
...#...@......#.........
.#.....S......#.#.......
#......................
..............#...#.....
.####...###.#.#.#.#....# ###.#
#.#.#.#.#....# #..
#.#.#.#.###.## ##. #.#.# #..+
#.# #.##


You could see an adder.

Vanquished Creatures
  5 adders
  A dart slug (D:1)
  4 bats
  2 endoplasms (D:1)
  2 giant cockroaches (D:1)
  5 goblins
  A hobgoblin (D:2)
  7 jackals
  4 quokkas
  2 ball pythons
  3 frilled lizards
  8 kobolds
  3 rats
47 creatures vanquished.

Notes
Turn   | Place    | Note
-------+----------+-------------------------------------------
     0 | D:1      | qw the Deep Elf Hunter began the quest for the Orb.
     0 | D:1      | Reached XP level 1. HP: 12/12 MP: 3/3
     0 | D:1      | 0 ||| qw: Version: 0.3-a-22-g0ed2b0b
     0 | D:1      | 0 ||| qw: Game counter: 6048
     0 | D:1      | 0 ||| qw: Melee chars always use a shield: true
     0 | D:1      | 0 ||| qw: God list: Okawaru
     0 | D:1      | 0 ||| qw: Allow faded altars: false
     0 | D:1      | 0 ||| qw: Do Orc after clearing Dungeon:15 true
     0 | D:1      | 0 ||| qw: Do second Lair branch before Depths: true
     0 | D:1      | 0 ||| qw: Lair rune preference: random
     0 | D:1      | 0 ||| qw: Goals: Normal
     0 | D:1      | 0 ||| PLANNING D:1-11
    61 | D:1      | Reached XP level 2. HP: 16/16 MP: 4/4
    64 | D:1      | Reached skill level 6 in Ranged Weapons
   542 | D:1      | 542 ||| UPGRADING to scarf of resistance.
   547 | D:1      | 547 ||| UPGRADING to +0 ring mail.
   557 | D:1      | 557 ||| DROPPING +0 leather armour.
   558 | D:1      | 558 ||| READING scroll labelled PENNETOCUDGH.
   559 | D:1      | 559 ||| READING scroll labelled BYH ZOSSUTO.
   560 | D:1      | 560 ||| READING scroll labelled GEFRITTUBRU.
   561 | D:1      | 561 ||| DROPPING scroll of butterflies.
   919 | D:2      | Reached XP level 3. HP: 20/20 MP: 5/5
   983 | D:2      | Reached skill level 7 in Ranged Weapons
  1268 | D:2      | 1268 ||| DROPPING +0 robe of willpower.
  1269 | D:2      | 1269 ||| READING scroll labelled RINAWULIPE.
  1285 | D:3      | Found a radiant altar of Vehumet.
  1335 | D:3      | Reached XP level 4. HP: 25/25 MP: 6/6
  1337 | D:3      | Found an ornate altar of the Wu Jian Council.
  1544 | D:3      | Found a snail-covered altar of Cheibriados.
  1679 | D:3      | HP: 5/25 [poisoned by an adder]
  1680 | D:3      | Slain by an adder

Levels and vault maps discovered:
D:1:      lemuel_arrival_hallway, layout_rooms, hangedman_decor_peaks_small,
          solitary_fountain, minmay_statues_item
D:2:      layout_loops_ring
D:3:      layout_basic, nicolae_vehumet_radiance, general_overflow_altar,
          nicolae_overflow_hidden_temple, mainiacjoe_overflow_24_doors,
          ebering_ecumenical_altar_box

Skill      XL: |  1  2  3 |
---------------+----------+-----
Ranged Weapons | 6 7 |  7.8
Fighting       | |  1.5
Dodging        | |  2.4
Stealth        | |  1.2

Action                     |  1- 3 |  4- 6 || total
---------------------------+-------+-------++-------
   Fire: Shortbow          |   106 |    33 ||   139
    Use: Scroll            |     4 |       ||     4
 Armour: Leather armour    |     8 |       ||     8
         Ring mail         |     5 |     6 ||    11
  Dodge: Dodged            |    16 |    11 ||    27

Table legend:
 A = Non-vault XP
 B = Vault XP
 C = Vault XP percentage of total XP
 D = Non-vault monster count
 E = Vault monster count
 F = Vault count percentage of total count
                 A         B        C        D         E       F
            +---------+---------+-------+---------+---------+-------
      Total |     137 |       0 |   0.0 |      47 |       0 |   0.0
            +---------+---------+-------+---------+---------+-------
        D:1 |      29 |       0 |   0.0 |      16 |       0 |   0.0
        D:2 |      59 |       0 |   0.0 |      16 |       0 |   0.0
        D:3 |      49 |       0 |   0.0 |      15 |       0 |   0.0
            +---------+---------+-------+---------+---------+-------
